 Dungeon Crawl Stone Soup version 0.17-a0-1945-gfe993df (webtiles) character file.

35 ololoev the Slasher (level 3, 0/25 HPs)
             Began as a High Elf Gladiator on Sept 30, 2015.
             Succumbed to Pikaro's ghost's sting
             ... on level 3 of the Dungeon.
             The game lasted 00:04:38 (482 turns).

ololoev the Slasher (High Elf Gladiator)             Turns: 482, Time: 00:04:38

Health: 0/25       AC: 12    Str: 15    XL:     3   Next: 16%
Magic:  4/4        EV: 10    Int: 11    God:
Gold:   21         SH:  0    Dex: 21    Spells: 0 memorised, 2 levels left

rFire  . . .     SeeInvis .     a - +0 long sword
rCold  . . .     Clarity  .     m - +0 plate armour of Baldness {+Inv} (curse)
rNeg   . . .     SustAt   .     (no shield)
rPois  .         Gourm    .     c - +0 helmet
rElec  .         Spirit   .     i - +0 cloak
rCorr  .         Warding  .     (no gloves)
rMut   .         Stasis   .     (no boots)
MR     .....                    (no amulet)
Stlth  ..........               (no ring)
                                (no ring)

@: agile, lethally poisoned (0 -> -4), very slightly contaminated, not resistant
to hostile enchantments, extremely unstealthy
A: no striking features
a: Evoke Invisibility

Inventory:

Hand weapons
 a - a +0 long sword (weapon)
Missiles
 d - 3 throwing nets (quivered)
Armour
 c - a +0 helmet (worn)
 i - a +0 cloak (worn)
 m - the cursed +0 plate armour of Baldness (worn) {+Inv}
   (You found it on level 4 of the Dungeon)

   It lets you turn invisible.
   It has a curse placed upon it.
Scrolls
 f - 2 scrolls of remove curse {unknown}
 j - a scroll of random uselessness {unknown}
 k - a scroll of identify {unknown}
 l - a scroll of magic mapping {unknown}
Comestibles
 e - 3 bread rations
 h - 2 meat rations


   Skills:
 + Level 2.4 Fighting
 * Level 4.4 Long Blades
 - Level 2.1 Throwing
 + Level 1.1 Armour
 - Level 3.2 Dodging
 + Level 0.0 Evocations


You had 2 spell levels left.
You didn't know any spells.


You were on level 3 of the Dungeon.
You were not hungry.

You visited 1 branch of the dungeon, and saw 4 of its levels.

You collected 21 gold pieces.

#.. #.# #.#
#.# #.# #.#
#.#
######@####
...........#
?..........#
...........#
........(..#
...........#
#######+####

Notes
Turn   | Place    | Note
--------------------------------------------------------------
     0 | D:1      | ololoev the High Elf Gladiator began the quest for the Orb.
     0 | D:1      | Reached XP level 1. HP: 14/14 MP: 2/2
   150 | D:1      | Reached XP level 2. HP: 12/19 MP: 3/3
   194 | D:1      | Reached skill level 4 in Long Blades
   328 | D:3      | Reached skill level 1 in Armour
   328 | D:3      | Reached XP level 3. HP: 11/25 MP: 4/4
   414 | D:4      | Got a spiked plate armour
   425 | D:4      | Identified the cursed +0 plate armour of Baldness {+Inv} (You found it on level 4 of the Dungeon)
   457 | D:4      | Noticed Pikaro's ghost (average DrVM)
   464 | D:4      | HP: 1/25 [Pikaro's ghost (1)]
   479 | D:4      | HP: 1/25 [poisoned by Pikaro's ghost (sting)]
   482 | D:3      | Succumbed to Pikaro's ghost's sting

Dungeon Overview and Level Annotations

Branches:
Dungeon (4/15)
 Temple: D:4-7

Altars:

Annotations:
D:4 Pikaro's ghost, average DrVM


Message History

Pikaro's ghost screams, "Don't try to defend!
You have no chance!"
Pikaro's ghost hits you but does no damage.
You completely miss Pikaro's ghost.
You choke on the stench!
You are more confused.
Pikaro's ghost hits you but does no damage.
Pikaro's ghost hits you.
You miss Pikaro's ghost.
You choke on the stench!
You are more confused.
You feel sick. Pikaro's ghost hits you.
Unknown command.
Drink which item? (? for menu, Esc to quit)
It was a potion of agility.
You feel agile all of a sudden.
Pikaro's ghost says, "You will serve me forever."
Pikaro's ghost barely misses you.
Drink which item? (? for menu, Esc to quit)
It was a potion of curing.
You feel better. Pikaro's ghost casts a spell at you. The sting hits you!
You are poisoned.
You feel sick.
Pikaro's ghost gestures at something while chanting.
You flicker for a moment.
You feel sick.
Pikaro's ghost says, "First you will die, then you will suffer."
Pikaro's ghost casts a spell at something.
The sting hits you!
You are lethally poisoned!
You feel sick.
Pikaro's ghost gestures at something while chanting.
The ball explodes into a vile cloud!
You feel sick.
You flicker back into view.
You feel sick.
You feel sick.
There is an escape hatch in the ceiling here.
Magic restored.
A mysterious force pulls you upwards. The hatch slams shut behind you.
Found 19 stones.
You die...

There were no monsters in sight!

Vanquished Creatures
  An adder (D:3)
  An ooze (D:1)
  4 bats
  3 giant cockroaches
  A goblin (D:3)
  2 hobgoblins (D:1)
  4 kobolds
  A giant newt (D:3)
  A quokka skeleton (D:3)
  A rat (D:1)
19 creatures vanquished.

Action                   || total
-------------------------++-------
Melee: Long sword        ||    73
 Abil: Evoke Invisibilit ||     1
  Use: Potion            ||     2

Vault maps used:
D:1:      dpeg_arrival_pond, serial_forest, infiniplex_forest_end_3,
          infiniplex_forest_3_way, infiniplex_forest_join,
          infiniplex_forest_end_2, infiniplex_forest_lined_3,
          infiniplex_forest_clump_large, infiniplex_forest_pool,
          infiniplex_forest_lined_room_2, infiniplex_forest_lined_2
D:2:      nicolae_overflow_hidden_temple, okawaru_trees_2
D:3:      minmay_misc_feat_nine_boxes
D:4:      first_bread, uniq_purgy
